 Dungeon Crawl Stone Soup version 0.21-a0-496-g696f58f (webtiles) character file.

130 torrenera the Magician (level 4, -12/35 HPs)
             Began as a Draconian Transmuter on Nov 23, 2017.
             Killed from afar by newuser's ghost (16 damage)
             ... with a flame tongue
             ... on level 3 of the Dungeon.
             The game lasted 00:05:55 (2318 turns).

torrenera the Magician (Draconian Transmuter)       Turns: 2318, Time: 00:05:57

Health: -12/35     AC:  5    Str: 12    XL:     4   Next: 90%
Magic:  3/9        EV: 12    Int: 15    God:
Gold:   146        SH:  0    Dex: 11    Spells: 4/10 levels left

rFire    . . .     SeeInvis .     - Unarmed
rCold    . . .     Gourm    .   (no shield)
rNeg     . . .     Faith    .   (armour unavailable)
rPois    .         Spirit   .   (helmet restricted)
rElec    .         Reflect  .   (no cloak)
rCorr    .         Harm     .   (no gloves)
MR       .....                  (no boots)
Stlth    +.........             (no amulet)
HPRegen  0.11/turn              (no ring)
MPRegen  0.11/turn              (no ring)

@: lethally poisoned (-12 -> -57), appendage (expiring)
A: unfitting armour, horns 2, cold-blooded, AC +5
a: End Transformation


You were on level 3 of the Dungeon.
You were not hungry.
You had grown temporary horns.
You visited 1 branch of the dungeon, and saw 3 of its levels.

You collected 146 gold pieces.

Inventory:

Hand Weapons
 f - a +0 whip of electrocution
 h - a +0 hunting sling
 p - a +0 dagger of speed
Missiles
 a - 51 arrows
 i - 70 stones (quivered)
Scrolls
 e - 2 scrolls of fog {unknown}
 g - 2 scrolls of enchant armour
 k - a scroll of amnesia
 m - a scroll of teleportation {unknown}
 n - 2 scrolls of remove curse {unknown}
Potions
 j - a potion of might {unknown}
 l - a potion of haste {unknown}
Books
 b - a book of Changes

   Spells                             Type                      Level
   a - Beastly Appendage              Transmutation                1
   b - Sticks to Snakes               Transmutation                2
   c - Spider Form                    Transmutation/Poison         3
   d - Ice Form                       Ice/Transmutation            4
   e - Blade Hands                    Transmutation                5
Comestibles
 c - a bread ration
 d - a meat ration
 o - a chunk of flesh


   Skills:
 - Level 1.1 Fighting
 - Level 1.7 Dodging
 - Level 3.0 Unarmed Combat
 + Level 3.8 Spellcasting
 + Level 3.5 Transmutations
 * Level 0.5 Poison Magic


You had 4 spell levels left.
You knew the following spells:

 Your Spells              Type           Power        Failure   Level  Hunger
a - Beastly Appendage     Tmut           ##....       4%          1    None
b - Sticks to Snakes      Tmut           ##......     6%          2    ##.....
c - Spider Form           Tmut/Pois      #.........   24%         3    ###....


Dungeon Overview and Level Annotations

Branches:
Dungeon (3/15)

Altars:
Yredelemnul

Annotations:
D:3 1 runed door, newuser's ghost, amateur TeFE


Innate Abilities, Weirdness & Mutations

Your plain brown scales are hard. (AC +5)
You cannot fit into any form of body armour.
You are cold-blooded and may be slowed by cold attacks.
You have a pair of horns on your head.


Message History

You feel sick. Newuser's ghost hits you.
You are more poisoned.
The hobgoblin hits you but does no damage.
Your ball python misses newuser's ghost.
You hit newuser's ghost but do no damage.
Newuser's ghost is almost destroyed.
You feel very sick. Newuser's ghost hits you.
* * * LOW HITPOINT WARNING * * *
You are more poisoned.
Your ball python closely misses newuser's ghost.
The hobgoblin closely misses you.
You hit newuser's ghost but do no damage.
Newuser's ghost is almost destroyed.
* * * LOW HITPOINT WARNING * * *
You feel very sick.
Your ball python bites newuser's ghost.
Newuser's ghost casts a spell at you. The flame tongue hits you!
You die...

######### #.##........ #.>.....#
#.##.##..... ### #..###..#
#.##.##....#
##.#####.#####.###.......##.#
##.#..............W.g#.##.....
####.###.###.####..#.##.#........
#...## ##.##..###..#.#..######...
#.##.###.###....Wg.#....# #...
#.###.#.###.....@S####..# #.W.
#...##.#.....###..####..# #...
###.####....## ##.......######..g
#.# #...## ##............... ##.#
#...# ####.##............ #..#
#...## #....###........... #.##
#....###..>####.#####รท#... #.#
#..#......## #..# #.#... #.#
####......# #.## #.#...


You could see newuser's ghost, a hobgoblin and a friendly ball python.

Vanquished Creatures
  An orc wizard (D:1)
  An orc priest (D:2)
  An adder (D:2)
  A worm (D:2)
  4 dart slugs
  A leopard gecko (D:2)
  An orc (D:1)
  4 giant cockroaches
  5 goblins
  7 hobgoblins
  9 jackals
  2 kobolds
  2 quokkas
  3 bats
  A frilled lizard (D:2)
  A jackal zombie (D:3)
  6 rats
50 creatures vanquished.

Vanquished Creatures (collateral kills)
  An adder (D:3)
  A hobgoblin (D:2)
2 creatures vanquished.

Grand Total: 52 creatures vanquished

Notes
Turn   | Place    | Note
-------+----------+-------------------------------------------
     0 | D:1      | torrenera the Draconian Transmuter began the quest for the Orb.
     0 | D:1      | Reached XP level 1. HP: 16/16 MP: 3/3
   337 | D:1      | Reached XP level 2. HP: 23/23 MP: 3/5
   348 | D:1      | Learned a level 2 spell: Sticks to Snakes
   817 | D:2      | Reached XP level 3. HP: 16/28 MP: 2/7
  1379 | D:1      | Reached XP level 4. HP: 14/35 MP: 5/9
  1727 | D:2      | Learned a level 3 spell: Spider Form
  2206 | D:3      | Found a runed door.
  2206 | D:3      | Noticed a human
  2219 | D:3      | Found a basalt altar of Yredelemnul.
  2229 | D:3      | Noticed newuser's ghost (amateur TeFE)
  2318 | D:3      | Killed from afar by newuser's ghost

Vault maps used:
D:1:      dpeg_arrival_rooms_c
D:2:      serial_bayou_lake_a
D:3:      dk_yredelemnul_ordeal

Skill      XL: |  1  2  3 |
---------------+----------+-----
Spellcasting   | 3 |  3.8
Transmutations | 3 |  3.5
Fighting       | |  1.1
Dodging        | |  1.7
Unarmed Combat | |  3.0
Poison Magic   | |  0.5

Action                   |  1- 3 |  4- 6 || total
-------------------------+-------+-------++-------
Melee: Unarmed           |   126 |    91 ||   217
       Tailslap          |    12 |     9 ||    21
       Kick              |     7 |     2 ||     9
       Punch             |     1 |     1 ||     2
       Headbutt          |       |     1 ||     1
 Cast: Beastly Appendage |     6 |     2 ||     8
       Sticks to Snakes  |     3 |     6 ||     9
  Use: Scroll            |     2 |       ||     2
  Eat: Chunk             |     2 |     3 ||     5
Armor: Skin              |    40 |    31 ||    71
Dodge: Dodged            |    88 |    72 ||   160

Table legend:
 A = Spawn XP
 B = Non-spawn XP
 C = Spawn XP percentage of total XP
 D = Spawn monster count
 E = Non-spawn monster count
 F = Spawn count percentage of total count
 G = Total turns spent on level
                    A         B        C        D         E        F      G
               +---------+---------+-------+---------+---------+-------+---------
         Total |       0 |     187 |   0.0 |       0 |      52 |   0.0 |  2318
               +---------+---------+-------+---------+---------+-------+---------
           D:1 |       0 |      66 |   0.0 |       0 |      16 |   0.0 |  1015
           D:2 |       0 |      98 |   0.0 |       0 |      28 |   0.0 |  1031
           D:3 |       0 |      23 |   0.0 |       0 |       8 |   0.0 |   272
               +---------+---------+-------+---------+---------+-------+---------
